General information
- name: BNet
- type: Ladder team game (AT/RT)
- host: Battle.net
- saver: Professional
map: Mur'gulOasis
- players: 8
- length: 31:25
- speed: Fast
- version: 1.26 W3XP
- replay type: Public
» download(212 KB)
Players
team 1 (loser)
NASCAR_FAG (
blue | 94 APM | 2342 actions | 25:02)
6 Blademaster
2 Wind Walk
3 Critical Strike
1 Bladestorm
2 Shadow Hunter
1 Hex
1 Healing Wave
» actions
| Assign group hotkey | 31 | |
| Basic commands | 141 | |
| Build / train | 64 | |
| Enter build submenu | 12 | |
| Enter hero's abilities submenu | 8 | |
| Give item / drop item | 3 | |
| Remove unit from queue | 1 | |
| Right click | 1364 | |
| Select / deselect | 323 | |
| Select group hotkey | 270 | |
| Use ability | 125 | |
2342 total
» units
| Peon | 12 | |
| Grunt | 6 | |
| Raider | 2 | |
| Spirit Walker | 3 | |
| Troll Batrider | 6 | |
29 total
» upgrades
| Ensnare | 1 | |
| Berserker Strength | 1 | |
2 total
» buildings
| Altar of Storms | 1 | |
| Orc Burrow | 6 | |
| Barracks | 1 | |
| Voodoo Lounge | 1 | |
| Stronghold | 3 | |
| Beastiary | 1 | |
| Spirit Lodge | 1 | |
| War Mill | 1 | |
| Fortress | 1 | |
16 total
» build order
00:08 Altar of Storms
00:13 Orc Burrow
00:33 Barracks
01:30 Orc Burrow
02:09 Voodoo Lounge
03:08 Stronghold
03:08 Stronghold
03:08 Stronghold
03:39 Orc Burrow
05:47 Beastiary
05:50 Spirit Lodge
06:26 Orc Burrow
08:53 War Mill
09:02 Fortress
10:59 Orc Burrow
11:01 Orc Burrow
» items
| Healing Salve | 3 | |
| Lesser Clarity Potion | 4 | |
| Scroll of Town Portal | 1 | |
| Orb of Lightning | 3 | |
| Potion of Healing | 2 | |
| Potion of Mana | 1 | |
| Scroll of Regeneration | 1 | |
| Staff of Teleportation | 1 | |
| Potion of Lesser Invulnerability | 1 | |
17 total
Professional (
teal | 84 APM | 2625 actions | 31:25)
8 Archmage
2 Summon Water Elemental
3 Brilliance Aura
2 Blizzard
1 Mass Teleport
» actions
| Assign group hotkey | 96 | |
| Basic commands | 72 | |
| Build / train | 192 | |
| ESC pressed | 4 | |
| Enter build submenu | 46 | |
| Enter hero's abilities submenu | 8 | |
| Give item / drop item | 6 | |
| Right click | 856 | |
| Select / deselect | 357 | |
| Select group hotkey | 782 | |
| Use ability | 206 | |
2625 total
» units
| Peasant | 17 | |
| Footman | 6 | |
| Sorceress | 2 | |
| Gryphon Rider | 5 | |
| Dragonhawk Rider | 2 | |
32 total
» upgrades
| Masonry | 3 | |
| Swords | 3 | |
| Armor | 3 | |
| Sorceress Training | 2 | |
| Magic Sentry | 1 | |
| Animal War Training | 1 | |
| Storm Hammers | 1 | |
| Cloud | 1 | |
15 total
» buildings
| Altar of Kings | 1 | |
| Barracks | 1 | |
| Farm | 10 | |
| Arcane Vault | 1 | |
| Lumber Mill | 1 | |
| Keep | 2 | |
| Blacksmith | 1 | |
| Scout Tower | 41 | |
| Guard Tower | 82 | |
| Castle | 3 | |
| Arcane Sanctum | 1 | |
| Gryphon Aviary | 2 | |
| Town Hall | 3 | |
149 total
» build order
00:52 Altar of Kings
00:55 Barracks
00:57 Farm
01:07 Farm
01:15 Farm
01:36 Farm
02:10 Farm
02:14 Arcane Vault
02:30 Lumber Mill
02:52 Farm
04:10 Keep
04:11 Keep
04:34 Blacksmith
05:25 Scout Tower
05:29 Scout Tower
05:59 Guard Tower
05:59 Guard Tower
06:00 Guard Tower
06:12 Scout Tower
06:57 Castle
06:57 Castle
06:59 Arcane Sanctum
07:03 Guard Tower
07:03 Guard Tower
07:48 Gryphon Aviary
07:51 Gryphon Aviary
10:09 Farm
10:11 Farm
10:12 Farm
10:13 Farm
14:15 Town Hall
14:17 Scout Tower
14:17 Scout Tower
14:18 Scout Tower
14:19 Scout Tower
14:33 Scout Tower
14:34 Scout Tower
14:35 Scout Tower
14:36 Scout Tower
14:37 Scout Tower
14:37 Scout Tower
15:11 Guard Tower
15:12 Guard Tower
15:12 Guard Tower
15:16 Guard Tower
15:16 Guard Tower
15:16 Guard Tower
15:21 Guard Tower
15:21 Guard Tower
15:24 Scout Tower
15:25 Scout Tower
15:26 Scout Tower
15:27 Scout Tower
15:37 Guard Tower
15:38 Guard Tower
15:38 Guard Tower
15:40 Guard Tower
15:40 Guard Tower
15:48 Guard Tower
15:49 Guard Tower
15:49 Guard Tower
15:59 Guard Tower
16:00 Guard Tower
16:00 Guard Tower
16:06 Guard Tower
16:07 Guard Tower
16:07 Guard Tower
16:07 Guard Tower
16:08 Guard Tower
16:08 Guard Tower
16:14 Guard Tower
16:14 Guard Tower
16:15 Guard Tower
17:21 Scout Tower
17:24 Scout Tower
17:32 Scout Tower
17:33 Scout Tower
17:34 Scout Tower
17:35 Scout Tower
17:38 Scout Tower
17:40 Scout Tower
17:53 Guard Tower
18:13 Guard Tower
18:13 Guard Tower
18:13 Guard Tower
18:14 Guard Tower
18:14 Guard Tower
18:45 Guard Tower
18:45 Guard Tower
18:45 Guard Tower
19:34 Scout Tower
19:36 Scout Tower
21:08 Guard Tower
21:08 Guard Tower
22:26 Town Hall
22:28 Scout Tower
22:29 Scout Tower
22:30 Scout Tower
22:31 Scout Tower
22:32 Scout Tower
22:32 Scout Tower
22:33 Scout Tower
22:33 Scout Tower
22:35 Scout Tower
22:36 Scout Tower
22:37 Scout Tower
22:38 Scout Tower
22:39 Scout Tower
22:40 Scout Tower
23:00 Guard Tower
23:00 Guard Tower
23:44 Guard Tower
23:44 Guard Tower
24:10 Guard Tower
24:10 Guard Tower
25:15 Guard Tower
26:08 Guard Tower
26:09 Guard Tower
26:28 Guard Tower
26:28 Guard Tower
26:29 Guard Tower
26:47 Guard Tower
26:47 Guard Tower
26:48 Guard Tower
28:38 Town Hall
» items
| Staff of Teleportation | 1 | |
| Scroll of Regeneration | 8 | |
| Tome of Retraining | 1 | |
| Potion of Invisibility | 2 | |
| Staff of Sanctuary | 1 | |
| Scroll of Town Portal | 2 | |
| Mechanical Critter | 3 | |
18 total

»
hattusil (
yellow | 76 APM | 1125 actions | 14:46)
2 Archmage
1 Summon Water Elemental
1 Brilliance Aura
1 Blood Mage
1 Flame Strike
» actions
| Assign group hotkey | 25 | |
| Basic commands | 171 | |
| Build / train | 42 | |
| Enter build submenu | 16 | |
| Enter hero's abilities submenu | 3 | |
| Remove unit from queue | 1 | |
| Right click | 487 | |
| Select / deselect | 233 | |
| Select group hotkey | 105 | |
| Use ability | 42 | |
1125 total
» units
| Peasant | 8 | |
| Footman | 3 | |
| Rifleman | 6 | |
| Priest | 2 | |
19 total
» upgrades
| Lumber Harvesting | 1 | |
| Long Rifles | 1 | |
2 total
» buildings
| Farm | 5 | |
| Altar of Kings | 1 | |
| Barracks | 1 | |
| Lumber Mill | 1 | |
| Keep | 4 | |
| Blacksmith | 1 | |
| Arcane Sanctum | 1 | |
| Scout Tower | 2 | |
| Guard Tower | 6 | |
| Arcane Vault | 1 | |
23 total
» build order
00:11 Farm
00:15 Altar of Kings
00:28 Barracks
00:46 Farm
01:17 Lumber Mill
02:41 Keep
02:41 Keep
02:42 Keep
02:42 Keep
02:59 Farm
03:38 Blacksmith
05:11 Arcane Sanctum
05:49 Farm
07:11 Scout Tower
07:25 Farm
07:40 Guard Tower
07:57 Arcane Vault
09:21 Scout Tower
09:53 Guard Tower
09:53 Guard Tower
09:54 Guard Tower
amendment_1 (
orange | 48 APM | 1436 actions | 29:48)
4 Tauren Chieftain
2 War Stomp
2 Endurance Aura
» actions
| Assign group hotkey | 30 | |
| Basic commands | 17 | |
| Build / train | 65 | |
| Enter build submenu | 36 | |
| Enter hero's abilities submenu | 4 | |
| Remove unit from queue | 2 | |
| Right click | 476 | |
| Select / deselect | 360 | |
| Select group hotkey | 387 | |
| Use ability | 59 | |
1436 total
» units
» upgrades
| Armor | 1 | |
| Melee Weapons | 1 | |
| Berserker Strength | 1 | |
| Shaman Training | 2 | |
5 total
» buildings
| Orc Burrow | 6 | |
| Altar of Storms | 1 | |
| War Mill | 1 | |
| Barracks | 2 | |
| Voodoo Lounge | 1 | |
| Watch Tower | 15 | |
| Stronghold | 1 | |
| Fortress | 1 | |
| Spirit Lodge | 1 | |
| Scout Tower | 2 | |
| Guard Tower | 1 | |
| Arcane Tower | 1 | |
| Great Hall | 1 | |
34 total
» build order
00:11 Orc Burrow
00:31 Altar of Storms
01:17 War Mill
01:23 Orc Burrow
01:48 Barracks
02:22 Voodoo Lounge
02:29 Orc Burrow
03:00 Watch Tower
03:37 Watch Tower
05:11 Stronghold
05:31 Watch Tower
08:07 Barracks
08:40 Watch Tower
09:13 Orc Burrow
09:54 Watch Tower
10:54 Fortress
11:07 Orc Burrow
11:16 Orc Burrow
12:19 Spirit Lodge
19:17 Watch Tower
19:24 Watch Tower
20:37 Scout Tower
20:48 Watch Tower
21:07 Guard Tower
21:12 Scout Tower
21:43 Arcane Tower
25:07 Great Hall
27:00 Watch Tower
27:03 Watch Tower
27:07 Watch Tower
27:13 Watch Tower
27:31 Watch Tower
27:34 Watch Tower
27:39 Watch Tower
» items
| Healing Salve | 1 | |
| Scroll of Speed | 2 | |
| Boots of Speed | 1 | |
| Scroll of Town Portal | 4 | |
| Potion of Healing | 5 | |
13 total
team 2 (winner)
inchesOFdong (
purple | 31 APM | 896 actions | 28:44)
4 Mountain King
2 Storm Bolt
1 Thunder Clap
1 Bash
3 Paladin
1 Holy Light
1 Divine Shield
1 Devotion Aura
» actions
| Assign group hotkey | 12 | |
| Basic commands | 3 | |
| Build / train | 60 | |
| Enter build submenu | 19 | |
| Enter hero's abilities submenu | 7 | |
| Remove unit from queue | 4 | |
| Right click | 376 | |
| Select / deselect | 259 | |
| Select group hotkey | 102 | |
| Use ability | 54 | |
896 total
» units
| Peasant | 18 | |
| Rifleman | 10 | |
| Mortar Team | 7 | |
35 total
» upgrades
| Gunpowder | 2 | |
| Long Rifles | 1 | |
| Armor | 1 | |
| Masonry | 1 | |
5 total
» buildings
| Altar of Kings | 1 | |
| Farm | 8 | |
| Lumber Mill | 1 | |
| Scout Tower | 3 | |
| Barracks | 1 | |
| Guard Tower | 2 | |
| Blacksmith | 1 | |
| Keep | 2 | |
| Arcane Vault | 1 | |
| Workshop | 1 | |
| Town Hall | 1 | |
22 total
» build order
00:09 Altar of Kings
00:14 Farm
00:52 Lumber Mill
00:55 Farm
01:17 Scout Tower
01:49 Barracks
02:06 Guard Tower
02:22 Blacksmith
03:01 Farm
03:30 Keep
03:52 Farm
05:39 Arcane Vault
05:43 Farm
06:15 Workshop
07:28 Farm
08:34 Farm
09:45 Farm
14:39 Town Hall
18:23 Keep
18:46 Keep
19:18 Scout Tower
19:51 Guard Tower
19:54 Scout Tower
» items
| Scroll of Town Portal | 1 | |
| Potion of Healing | 1 | |
| Potion of Mana | 1 | |
3 total
WildBunch (
red | 48 APM | 1519 actions | 31:25)
8 Blademaster
3 Wind Walk
3 Critical Strike
1 Bladestorm
1 Mirror Image
» actions
| Assign group hotkey | 32 | |
| Basic commands | 28 | |
| Build / train | 71 | |
| Enter build submenu | 38 | |
| Enter hero's abilities submenu | 10 | |
| Give item / drop item | 4 | |
| Remove unit from queue | 2 | |
| Right click | 756 | |
| Select / deselect | 295 | |
| Select group hotkey | 152 | |
| Use ability | 131 | |
1519 total
» units
| Peon | 13 | |
| Grunt | 4 | |
| Wind Rider | 8 | |
| Troll Witch Doctor | 5 | |
30 total
» upgrades
| Ranged Weapons | 3 | |
| Armor | 3 | |
| Reinforced Defenses | 1 | |
7 total
» buildings
| Orc Burrow | 4 | |
| Altar of Storms | 1 | |
| Barracks | 1 | |
| Voodoo Lounge | 1 | |
| Stronghold | 4 | |
| War Mill | 2 | |
| Beastiary | 6 | |
| Fortress | 1 | |
| Watch Tower | 17 | |
| Great Hall | 3 | |
| Spirit Lodge | 1 | |
41 total
» build order
00:14 Orc Burrow
00:53 Altar of Storms
00:56 Barracks
01:09 Orc Burrow
01:54 Voodoo Lounge
02:51 Stronghold
02:51 Stronghold
02:51 Stronghold
02:52 Stronghold
03:58 Orc Burrow
04:48 War Mill
05:26 Beastiary
05:27 Beastiary
05:31 Orc Burrow
08:52 Fortress
12:11 Watch Tower
12:12 Watch Tower
12:15 Watch Tower
12:16 Watch Tower
15:32 Watch Tower
15:32 Watch Tower
15:32 Watch Tower
15:33 Watch Tower
15:34 Watch Tower
16:16 Great Hall
16:26 Watch Tower
16:28 Watch Tower
16:30 Watch Tower
16:47 Watch Tower
17:46 War Mill
18:33 Spirit Lodge
25:31 Great Hall
27:08 Great Hall
27:09 Watch Tower
27:10 Watch Tower
27:10 Watch Tower
27:17 Watch Tower
30:30 Beastiary
30:31 Beastiary
30:33 Beastiary
30:35 Beastiary
» items
| Healing Salve | 3 | |
| Scroll of Town Portal | 3 | |
| Lesser Clarity Potion | 1 | |
| Dust of Appearance | 4 | |
| Periapt of Vitality | 1 | |
| Potion of Healing | 1 | |
| Boots of Speed | 1 | |
| Circlet of Nobility | 4 | |
18 total
BERT-N-ERNIE. (
pink | 64 APM | 2020 actions | 31:25)
6 Goblin Tinker
3 Pocket Factory
2 Engineering Upgrade
1 Robo-Goblin
» actions
| Assign group hotkey | 37 | |
| Basic commands | 27 | |
| Build / train | 68 | |
| Enter build submenu | 31 | |
| Enter hero's abilities submenu | 6 | |
| Give item / drop item | 3 | |
| Remove unit from queue | 2 | |
| Right click | 862 | |
| Select / deselect | 245 | |
| Select group hotkey | 632 | |
| Use ability | 107 | |
2020 total
» units
» upgrades
| Lumber Harvesting | 2 | |
| Masonry | 2 | |
| Storm Hammers | 1 | |
| Swords | 2 | |
| Animal War Training | 1 | |
| Armor | 2 | |
| Cloud | 1 | |
11 total
» buildings
| Altar of Kings | 1 | |
| Farm | 17 | |
| Scout Tower | 15 | |
| Arcane Vault | 2 | |
| Arcane Tower | 2 | |
| Keep | 1 | |
| Lumber Mill | 1 | |
| Guard Tower | 6 | |
| Castle | 1 | |
| Gryphon Aviary | 3 | |
| Blacksmith | 1 | |
| Barracks | 1 | |
| Town Hall | 3 | |
54 total
» build order
00:13 Altar of Kings
00:21 Farm
01:05 Farm
01:13 Scout Tower
01:37 Arcane Vault
01:39 Arcane Tower
01:46 Farm
02:54 Keep
03:52 Lumber Mill
04:26 Scout Tower
04:26 Scout Tower
04:26 Scout Tower
04:27 Scout Tower
04:28 Scout Tower
05:01 Guard Tower
05:22 Guard Tower
05:38 Castle
06:02 Gryphon Aviary
06:20 Gryphon Aviary
06:23 Farm
06:24 Farm
06:24 Farm
06:25 Farm
06:26 Farm
07:26 Scout Tower
07:26 Scout Tower
07:28 Scout Tower
08:02 Guard Tower
08:10 Guard Tower
10:16 Gryphon Aviary
11:18 Blacksmith
11:21 Barracks
14:26 Town Hall
14:41 Town Hall
14:47 Scout Tower
14:47 Scout Tower
14:48 Scout Tower
15:20 Guard Tower
16:58 Scout Tower
16:58 Scout Tower
17:00 Scout Tower
17:30 Guard Tower
17:34 Arcane Vault
17:38 Arcane Tower
26:38 Town Hall
26:59 Farm
27:00 Farm
27:01 Farm
27:02 Farm
27:07 Farm
27:11 Farm
27:23 Farm
27:38 Farm
27:44 Farm
» items
| Scroll of Regeneration | 5 | |
| Staff of Teleportation | 1 | |
| Boots of Speed | 1 | |
| Potion of Healing | 1 | |
| Ivory Tower | 2 | |
| Scroll of Town Portal | 2 | |
| Scroll of Healing | 1 | |
| Potion of Invisibility | 3 | |
| Orb of Fire | 1 | |
17 total

»
cheezycheese (
green | 74 APM | 2062 actions | 27:59)
5 Keeper of the Grove
2 Force of Nature
3 Entangling Roots
3 Dark Ranger
2 Black Arrow
1 Life Drain
» actions
| Assign group hotkey | 42 | |
| Basic commands | 1 | |
| Build / train | 77 | |
| ESC pressed | 5 | |
| Enter build submenu | 15 | |
| Enter hero's abilities submenu | 8 | |
| Remove unit from queue | 3 | |
| Right click | 934 | |
| Select / deselect | 574 | |
| Select group hotkey | 356 | |
| Use ability | 47 | |
2062 total
» units
| Wisp | 16 | |
| Archer | 6 | |
| Huntress | 14 | |
| Hippogryph | 7 | |
| Druid of the Talon | 2 | |
45 total
» upgrades
| Moon Armor | 3 | |
| Strength of the Moon | 3 | |
| Sentinel | 1 | |
| Upgrade Moon Glaive | 1 | |
| Well Spring | 1 | |
| Ultravision | 1 | |
| Strength of the Wild | 2 | |
| Reinforced Hides | 2 | |
14 total
» buildings
| Altar of Elders | 1 | |
| Moon Well | 6 | |
| Ancient of War | 1 | |
| Hunter's Hall | 1 | |
| Ancient of Wonders | 1 | |
| Tree of Ages | 1 | |
| Ancient Protector | 2 | |
| Tree of Eternity | 1 | |
| Ancient of Wind | 2 | |
16 total
» build order
00:07 Altar of Elders
00:17 Moon Well
00:50 Ancient of War
01:31 Moon Well
02:18 Hunter's Hall
02:33 Moon Well
06:06 Ancient of Wonders
06:11 Tree of Ages
06:29 Ancient Protector
06:46 Ancient Protector
07:42 Moon Well
10:58 Tree of Eternity
17:36 Moon Well
17:38 Moon Well
21:01 Ancient of Wind
21:04 Ancient of Wind
» items
| Scroll of Town Portal | 2 | |
| Orb of Venom | 1 | |
3 total
Chat log
(00:09 / All) BERT-N-ERNIE.: dale earnahrt #1
(00:17 / All) amendment_1: #3
(00:29 / All) WildBunch: Danica Patrick has never won a race
(00:41 / All) WildBunch: Despite her massive weight advantage, she has never won a race
(00:42 / All) amendment_1: id still bone her
(00:49 / All) WildBunch: and it became national news when she won a pole
(00:59 / All) BERT-N-ERNIE.: last i remember of her was that andy dick guy trying to hit on her on leno
(01:00 / All) cheezycheese: id give her my pole
(01:03 / All) amendment_1: it's still nascar...
(01:39 / Allies) amendment_1: tc
(01:41 / Allies) amendment_1: melee
(02:35 / All) WildBunch: Fucking Ratso
(02:40 / All) BERT-N-ERNIE.: got a new fly haircut today niggas
(06:58 / All) WildBunch: You made an enemy blue
(08:45 / All) BERT-N-ERNIE.: lol
(08:49 / All) WildBunch: You're dead blue
(09:09 / All) WildBunch: You fucekd with a real nigger
(10:25 / Allies) amendment_1: gold for lumber?
(11:09 / Allies) Professional: Looks like you two pissed off the wrong person
(12:11 / All) Professional: Fucking orange stealing my kill and XP
(12:37 / All) Professional: Fuck orange up for me purple
(12:47 / All) amendment_1: ?
(13:13 / All) WildBunch: You're fucking dead motherfucker
(13:22 / All) amendment_1: lol
(13:36 / Allies) amendment_1: so much gold
(13:49 / Allies) Professional: xp leeching filth
(14:01 / Allies) amendment_1: share the gold
(14:04 / Allies) Professional: Fuck you
(14:07 / Allies) Professional: you xp leeched too
(14:09 / Allies) Professional: stole my kill
(14:14 / Allies) hattusil: me ?
(14:15 / Allies) amendment_1: lol no i didnt
(14:21 / Allies) hattusil: I DONT I DIE
(14:22 / Allies) Professional: I had purple to myself
(14:36 / Allies) NASCAR_FAG: save my base
(14:40 / Allies) Professional: No
(14:42 / Allies) amendment_1: team player over here
(15:29 / Allies) NASCAR_FAG: gold?
(15:41 / Allies) amendment_1: all i have
(15:42 / Allies) amendment_1: sorry
(15:43 / Allies) NASCAR_FAG: i can build one peon..
(15:51 / Allies) amendment_1: that dude has alot
(15:56 / Allies) Professional: I have no wood
(15:57 / Allies) Professional: ty
(16:03 / Allies) NASCAR_FAG: can i get 300 g
(16:04 / Allies) NASCAR_FAG: for peons
(16:04 / Allies) Professional: yeah
(16:12 / Allies) NASCAR_FAG: 2 grunts
(16:25 / Allies) NASCAR_FAG: gg
(17:18 / All) BERT-N-ERNIE.: robo!
(17:20 / Allies) amendment_1: its over
(17:29 / Allies) amendment_1: great help
(18:05 / All) WildBunch: dead motherfucker dead
(18:16 / All) amendment_1: towering isnt going to win it for us teal...
(18:28 / All) Professional: It'll win it for me, shut the fuck up you god damned prick son of a bitch motherfucker
(18:34 / Allies) NASCAR_FAG: hahahaha
(18:43 / All) Professional: I'll go over there and kill you right fucking now if you want to lose
(18:45 / All) amendment_1: oh, it will win it for you huh?
(18:49 / All) Professional: Yes
(18:50 / All) Professional: For ME
(18:52 / All) Professional: Not for you
(18:53 / All) amendment_1: with what? towers?
(18:54 / All) Professional: You fuckwit
(18:58 / All) Professional: Yes buddy it will
(19:00 / All) Professional: Watch and see huh?
(19:07 / All) BERT-N-ERNIE.: blue
(19:10 / All) BERT-N-ERNIE.: ill make deal with u
(19:18 / All) NASCAR_FAG: ok
(19:20 / All) BERT-N-ERNIE.: ill give u archamge pipe item if u leave my tinker alone
(19:26 / All) NASCAR_FAG: deal
(19:27 / All) WildBunch: I'll hunt your fucking bm down bitch
(19:56 / All) BERT-N-ERNIE.: where u at
(20:30 / All) BERT-N-ERNIE.: got ur back prup
(21:06 / Allies) NASCAR_FAG: watch me rape green
(21:25 / All) Professional: fucking mk/pally
(22:35 / All) NASCAR_FAG: ok pink
(22:39 / All) NASCAR_FAG: drop the ite
(22:52 / All) BERT-N-ERNIE.: i change my mind u took too long
(24:27 / All) BERT-N-ERNIE.: dead
(24:29 / All) BERT-N-ERNIE.: dead
(24:34 / All) BERT-N-ERNIE.: lol
(24:40 / All) Professional: Do you like shit, green? Because you're going to eat it
(24:56 / All) cheezycheese: everyone here sucks at trash talk
(25:00 / All) Professional: Got it
(25:04 / All) Professional: LOL
(25:06 / All) WildBunch: lawl
(25:22 / All) BERT-N-ERNIE.: god damn i get to play ffx
(25:24 / All) BERT-N-ERNIE.: woo hoo
(26:22 / All) WildBunch: nice stomp
(26:25 / All) amendment_1: lol
(26:33 / All) BERT-N-ERNIE.: leave he alone jerk
(27:53 / All) BERT-N-ERNIE.: lol
(28:31 / All) BERT-N-ERNIE.: u are one less dwarf now purple
(28:48 / All) Professional: lol
(28:52 / All) amendment_1: so teal, you feel like sharing some gold?
(29:06 / All) amendment_1: guess not since ypure tking
(29:28 / All) Professional: trapped himself in my expo
(29:30 / All) Professional: with a tp
(29:48 / All) WildBunch: lawl
(29:52 / All) Professional: lol
(29:55 / All) Professional: Which side gets the loss?
(29:55 / All) BERT-N-ERNIE.: that would be why he left
(29:57 / All) Professional: That was smooth
(30:09 / All) BERT-N-ERNIE.: tinker vs bm
(30:21 / All) Professional: Do crits work on allied units?
(30:24 / All) Professional: doesn't look like it
(30:29 / All) Professional: Bash does so I don't see why it doesn't
(31:02 / All) BERT-N-ERNIE.: i dont care who wins or loses
(31:15 / All) BERT-N-ERNIE.: new accounts?
(31:16 / All) Professional: If that's the case I say mine should lose because yours had 2 stabbers
(31:23 / All) WildBunch: yeah